NYP
VERMONT LAKE MONSTERS @ LOWELL SPINNERS
07/27/2047
 
TOP OF THE 1ST
Vermont Lake Monsters batting - Pitching for Lowell Spinners : RHP Su-wu Yang
Pitching: RHP Su-wu Yang
Batting: RHB David Herrera 0-0: Ball
1-0: Foul Ball, location: 2F
1-1: Ball
2-1: Fly out, F9 (Flyball, 9, EV 95.6 MPH)
Batting: RHB Min-chin Yi 0-0: Ball
1-0: Ball
2-0: Ball
3-0: Called Strike
3-1: Foul Ball, location: 2F
3-2: Base on Balls
Batting: LHB Fred Arends 0-0: Ball
1-0: Called Strike
1-1: Called Strike
1-2: Ball
2-2: Ball
3-2: Base on Balls
Min-chin Yi to second
Batting: LHB Alejandro Muniz 0-0: Ball
1-0: Ball
2-0: TRIPLE (Line Drive, 8LXD, EV 105.0 MPH)
Min-chin Yi scores
Fred Arends scores
Batting: LHB Felipe Gomez 0-0: Ball
1-0: Ball
2-0: Ground out 4-3 (Groundball, 4, EV 85.0 MPH)
Alejandro Muniz scores
Batting: RHB Chris Temple 0-0: Ball
1-0: SINGLE (Groundball, 34D, EV 105.6 MPH)
Batting: RHB Tim Anderson 0-0: Foul Ball, location: 2F
0-1: Ball
1-1: Ball
2-1: Fly out, F8 (Flyball, 8RD, EV 93.1 MPH)
Top of the 1st over - 3 runs, 2 hits, 0 errors, 1 left on base; Vermont 3 - Lowell 0
BOTTOM OF THE 1ST
Lowell Spinners batting - Pitching for Vermont Lake Monsters : RHP Joe Pate
Pitching: RHP Joe Pate
Batting: RHB Tony Nunez 0-0: Ball
1-0: SINGLE (Groundball, 6S, EV 68.8 MPH) (infield hit)
Batting: RHB Ted Emmerich 0-0: Ball
1-0: Ball
Tony Nunez steals 2nd base
2-0: Ground out U3 (Groundball, 3S, EV 71.2 MPH)
Tony Nunez to third
Batting: RHB Mike Batko 0-0: Ball
1-0: Ball
2-0: Ball
3-0: Base on Balls
Batting: RHB Alex Cardenas 0-0: Swinging Strike
0-1: Swinging Strike
Passed Ball!
Tony Nunez scores
Mike Batko to second
0-2: Foul Ball, location: 2F
0-2: Ball
1-2: Ball
2-2: Ball
3-2: Strikes out looking
Batting: RHB Bobby Schimke 0-0: Ball
1-0: Foul Ball, location: 2F
1-1: Foul Ball, location: 2F
1-2: Ball
2-2: Ground out 4-3 (Groundball, 4, EV 85.6 MPH)
Bottom of the 1st over - 1 run, 1 hit, 0 errors, 1 left on base; Vermont 3 - Lowell 1
TOP OF THE 2ND
Vermont Lake Monsters batting - Pitching for Lowell Spinners : RHP Su-wu Yang
Batting: LHB Miguel Maymi 0-0: Ball
1-0: Foul Ball, location: 2F
1-1: SINGLE (Line Drive, 78S, EV 95.6 MPH)
Batting: RHB Ricky Trejo 0-0: Foul Ball, location: 2F
0-1: Ball
Miguel Maymi steals 2nd base
1-1: Called Strike
1-2: Foul Ball, location: 2F
1-2: SINGLE (Groundball, 56D, EV 103.1 MPH)
Miguel Maymi to third
Batting: RHB David Herrera 0-0: Called Strike
0-1: Ball
1-1: Foul Ball, location: 2F
1-2: Strikes out swinging
Batting: RHB Min-chin Yi 0-0: Ball
1-0: Called Strike
1-1: Ball
2-1: Ball
3-1: Foul Ball, location: 2F
3-2: Strikes out swinging
Batting: LHB Fred Arends 0-0: Called Strike
0-1: Ball
1-1: Ball
2-1: Foul Ball, location: 2F
2-2: Foul Ball, location: 2F
2-2: Ball
Passed Ball!
Miguel Maymi scores
Ricky Trejo to second
3-2: Base on Balls
Batting: LHB Alejandro Muniz 0-0: Ball
1-0: Ball
2-0: Ground out U3 (Groundball, 34S, EV 89.4 MPH)
Top of the 2nd over - 1 run, 2 hits, 0 errors, 2 left on base; Vermont 4 - Lowell 1
BOTTOM OF THE 2ND
Lowell Spinners batting - Pitching for Vermont Lake Monsters : RHP Joe Pate
Batting: SHB Salvador Padilla 0-0: Swinging Strike
0-1: Ball
1-1: Ball
2-1: Ground out 4-3 (Groundball, 4, EV 83.1 MPH)
Pitching: RHP Jesus Elizondo
Batting: RHB John Doucette 0-0: Ground out 6-3 (Groundball, 6S, EV 75.0 MPH)
Batting: SHB Eric Evans 0-0: Called Strike
0-1: DOUBLE (Groundball, 3L, EV 106.9 MPH)
Batting: LHB Joel Soto 0-0: Ball
1-0: Swinging Strike
1-1: SINGLE (Groundball, 56, EV 103.1 MPH)
Eric Evans to third
Runner from 3rd tries for Home, SAFE, throw by LF to home
Joel Soto to second
Batting: RHB Tony Nunez 0-0: Called Strike
0-1: Ball
1-1: TRIPLE (Groundball, 3L, EV 98.1 MPH)
Joel Soto scores
Batting: RHB Ted Emmerich 0-0: Ball
1-0: Ball
2-0: Ball
3-0: Base on Balls
Batting: RHB Mike Batko 0-0: Ground out 5-3 (Groundball, 5S, EV 86.2 MPH)
Bottom of the 2nd over - 2 runs, 3 hits, 0 errors, 2 left on base; Vermont 4 - Lowell 3
TOP OF THE 3RD
Vermont Lake Monsters batting - Pitching for Lowell Spinners : RHP Su-wu Yang
Batting: LHB Felipe Gomez 0-0: Ball
1-0: Ground out 6-3 (Groundball, 4M, EV 105.0 MPH)
Batting: RHB Chris Temple 0-0: Swinging Strike
0-1: Called Strike
0-2: Ball
1-2: Ball
2-2: Foul Ball, location: 2F
2-2: Ball
3-2: SINGLE (Groundball, 6MD, EV 98.1 MPH)
Batting: RHB Tim Anderson 0-0: Ball
1-0: Ball
2-0: Foul Ball, location: 2F
2-1: Swinging Strike
2-2: Ball
3-2: Strikes out swinging
Batting: LHB Miguel Maymi 0-0: Called Strike
0-1: Ball
1-1: Foul Ball, location: 2F
1-2: Fly out, F7 (Flyball, 78S, EV 93.8 MPH)
Top of the 3rd over - 0 runs, 1 hit, 0 errors, 1 left on base; Vermont 4 - Lowell 3
BOTTOM OF THE 3RD
Lowell Spinners batting - Pitching for Vermont Lake Monsters : RHP Jesus Elizondo
Batting: RHB Alex Cardenas 0-0: Ball
1-0: Called Strike
1-1: Called Strike
1-2: Ball
2-2: Ground out 6-3 (Groundball, 6MS, EV 70.0 MPH)
Batting: RHB Bobby Schimke 0-0: Ball
1-0: Foul Ball, location: 2F
1-1: Swinging Strike
1-2: Ground out 5-3 (Groundball, 56, EV 87.5 MPH)
Batting: SHB Salvador Padilla 0-0: Ball
1-0: Ball
2-0: DOUBLE (Flyball, 8RXD, EV 108.8 MPH)
Batting: RHB John Doucette 0-0: Called Strike
0-1: Ground out 4-3 (Groundball, 34, EV 84.4 MPH)
Bottom of the 3rd over - 0 runs, 1 hit, 0 errors, 1 left on base; Vermont 4 - Lowell 3
TOP OF THE 4TH
Vermont Lake Monsters batting - Pitching for Lowell Spinners : RHP Su-wu Yang
Batting: RHB Ricky Trejo 0-0: Ground out 6-3 (Groundball, 6, EV 85.0 MPH)
Batting: RHB David Herrera 0-0: Ball
1-0: Ball
2-0: Ball
3-0: Called Strike
3-1: Base on Balls
Batting: RHB Min-chin Yi 0-0: Reached on error, E5 (Groundball, 56, EV 76.2 MPH)
David Herrera to second
Batting: LHB Fred Arends 0-0: Called Strike
0-1: Called Strike
0-2: Ball
1-2: Strikes out swinging
Batting: LHB Alejandro Muniz 0-0: Fly out, F7 (Flyball, 7D, EV 88.1 MPH)
Top of the 4th over - 0 runs, 0 hits, 1 error, 2 left on base; Vermont 4 - Lowell 3
BOTTOM OF THE 4TH
Lowell Spinners batting - Pitching for Vermont Lake Monsters : RHP Jesus Elizondo
Batting: SHB Eric Evans 0-0: Called Strike
0-1: Ball
1-1: Ball
2-1: SINGLE (Groundball, 56D, EV 107.5 MPH)
Batting: LHB Joel Soto 0-0: Ball
1-0: Ball
2-0: Called Strike
2-1: Foul Ball, location: 2F
2-2: Foul Ball, location: 2F
2-2: Grounds into double play, 4-6-3 (Groundball, 4, EV 88.1 MPH)
Batting: RHB Tony Nunez 0-0: Called Strike
0-1: Ball
1-1: SINGLE (Line Drive, 3D, EV 98.8 MPH)
Batting: RHB Ted Emmerich 0-0: Ball
1-0: Called Strike
1-1: Called Strike
1-2: Ball
2-2: Ground out 6-3 (Groundball, P, EV 79.4 MPH)
Bottom of the 4th over - 0 runs, 2 hits, 0 errors, 1 left on base; Vermont 4 - Lowell 3
TOP OF THE 5TH
Vermont Lake Monsters batting - Pitching for Lowell Spinners : RHP Su-wu Yang
Batting: LHB Felipe Gomez 0-0: Called Strike
0-1: Swinging Strike
0-2: Strikes out swinging
Batting: RHB Chris Temple 0-0: Ball
1-0: Ball
2-0: Called Strike
2-1: SINGLE (Groundball, 6MD, EV 97.5 MPH)
Batting: RHB Tim Anderson 0-0: Ball
1-0: Called Strike
1-1: Swinging Strike
1-2: Strikes out swinging
Batting: LHB Miguel Maymi 0-0: Called Strike
0-1: Foul Ball, location: 2F
0-2: Fielders Choice at 2nd, 6-4 (Groundball, 6, EV 86.9 MPH)
Top of the 5th over - 0 runs, 1 hit, 0 errors, 1 left on base; Vermont 4 - Lowell 3
BOTTOM OF THE 5TH
Lowell Spinners batting - Pitching for Vermont Lake Monsters : RHP Jesus Elizondo
Batting: RHB Mike Batko 0-0: Ball
1-0: Ball
2-0: Foul Ball, location: 2F
2-1: Ball
3-1: Ground out 6-3 (Groundball, 6S, EV 93.1 MPH)
Batting: RHB Alex Cardenas 0-0: Ball
1-0: Foul Ball, location: 2F
1-1: Foul Ball, location: 2F
1-2: Ball
2-2: Foul Ball, location: 2F
2-2: Foul Ball, location: 2F
2-2: Strikes out swinging
Batting: RHB Bobby Schimke 0-0: Ball
1-0: Ball
2-0: Foul Ball, location: 2F
2-1: Foul Ball, location: 2F
2-2: Ground out 5-3 (Groundball, 56S, EV 69.4 MPH)
Bottom of the 5th over - 0 runs, 0 hits, 0 errors, 0 left on base; Vermont 4 - Lowell 3
TOP OF THE 6TH
Vermont Lake Monsters batting - Pitching for Lowell Spinners : RHP Su-wu Yang
Pitching: RHP Jose Abanto
Batting: RHB Ricky Trejo 0-0: SINGLE (Groundball, 56D, EV 104.4 MPH)
Batting: RHB David Herrera 0-0: Ball
1-0: Ball
2-0: Called Strike
2-1: Foul Ball, location: 2F
2-2: Strikes out swinging
Batting: RHB Min-chin Yi 0-0: Called Strike
0-1: Ball
1-1: Called Strike
1-2: Strikes out swinging
Ricky Trejo steals 2nd base
Batter strikes out.
Batting: LHB Fred Arends 0-0: Called Strike
0-1: SINGLE (Groundball, 34D, EV 103.1 MPH)
Ricky Trejo to third
Runner from 3rd tries for Home, SAFE, throw by RF to home
Fred Arends to second
Batting: LHB Alejandro Muniz 0-0: Called Strike
0-1: SINGLE (Groundball, 4D, EV 95.6 MPH)
Fred Arends to third
Runner from 3rd tries for Home, SAFE, throw by RF to home
Batting: LHB Felipe Gomez 0-0: Ball
1-0: 2-RUN HOME RUN (Flyball, 9LD, EV 92.5 MPH), Distance : 350 ft
Pitching: RHP Josiah Russell
Batting: RHB Chris Temple 0-0: Ball
1-0: Ground out 6-3 (Groundball, 6, EV 83.8 MPH)
Top of the 6th over - 4 runs, 4 hits, 0 errors, 0 left on base; Vermont 8 - Lowell 3
BOTTOM OF THE 6TH
Lowell Spinners batting - Pitching for Vermont Lake Monsters : RHP Jesus Elizondo
Batting: SHB Salvador Padilla 0-0: Fly out, F8 (Flyball, 8LD, EV 95.6 MPH)
Batting: RHB John Doucette 0-0: DOUBLE (Line Drive, 9LS, EV 106.9 MPH)
Pitching: RHP Frank Gamez
Batting: SHB Eric Evans 0-0: Foul Ball, location: 2F
0-1: Ground out U3 (Groundball, 3, EV 105.0 MPH)
John Doucette to third
Batting: LHB Joel Soto 0-0: Called Strike
0-1: Called Strike
0-2: Ball
1-2: Ball
2-2: Ball
3-2: Strikes out swinging
Bottom of the 6th over - 0 runs, 1 hit, 0 errors, 1 left on base; Vermont 8 - Lowell 3
TOP OF THE 7TH
Vermont Lake Monsters batting - Pitching for Lowell Spinners : RHP Josiah Russell
Batting: RHB Tim Anderson 0-0: Ball
1-0: Ball
2-0: Called Strike
2-1: Foul Ball, location: 2F
2-2: Ball
3-2: Foul Ball, location: 2F
3-2: Foul Ball, location: 2F
3-2: Ground out 6-3 (Groundball, 6, EV 83.8 MPH)
Batting: LHB Miguel Maymi 0-0: Ball
1-0: Swinging Strike
1-1: Called Strike
1-2: Foul Ball, location: 2F
1-2: Ball
2-2: Foul Ball, location: 2F
2-2: Strikes out swinging
Batting: RHB Ricky Trejo 0-0: Ground out 5-3 (Groundball, 56, EV 102.5 MPH)
Top of the 7th over - 0 runs, 0 hits, 0 errors, 0 left on base; Vermont 8 - Lowell 3
BOTTOM OF THE 7TH
Lowell Spinners batting - Pitching for Vermont Lake Monsters : RHP Frank Gamez
Batting: RHB Tony Nunez 0-0: Ground out 5-3 (Groundball, 5S, EV 85.6 MPH)
Batting: RHB Ted Emmerich 0-0: Called Strike
0-1: Foul Ball, location: 2F
0-2: Foul Ball, location: 2F
0-2: Strikes out swinging
Batting: RHB Mike Batko 0-0: Ball
1-0: Foul Ball, location: 2F
1-1: Foul Ball, location: 2F
1-2: Ground out 5-3 (Groundball, 56S, EV 90.6 MPH)
Bottom of the 7th over - 0 runs, 0 hits, 0 errors, 0 left on base; Vermont 8 - Lowell 3
TOP OF THE 8TH
Vermont Lake Monsters batting - Pitching for Lowell Spinners : RHP Josiah Russell
Batting: RHB David Herrera 0-0: Called Strike
0-1: Ball
1-1: Swinging Strike
1-2: Ball
2-2: Ball
3-2: Foul Ball, location: 2F
3-2: Strikes out swinging
Batting: RHB Min-chin Yi 0-0: SOLO HOME RUN (Flyball, 78XD, EV 107.5 MPH), Distance : 413 ft
Batting: LHB Fred Arends 0-0: Called Strike
0-1: Ball
1-1: SOLO HOME RUN (Line Drive, 9LD, EV 94.4 MPH), Distance : 329 ft
Batting: LHB Alejandro Muniz 0-0: Ball
1-0: Ball
2-0: Swinging Strike
2-1: Ball
3-1: Foul Ball, location: 2F
3-2: Ground out 4-3 (Groundball, 4D, EV 97.5 MPH)
Batting: LHB Felipe Gomez 0-0: Called Strike
0-1: Ball
1-1: Ball
2-1: Ball
3-1: Base on Balls
Batting: RHB Chris Temple 0-0: Fielders Choice at 2nd, 5-4 (Groundball, 56, EV 103.1 MPH)
Top of the 8th over - 2 runs, 2 hits, 0 errors, 1 left on base; Vermont 10 - Lowell 3
BOTTOM OF THE 8TH
Lowell Spinners batting - Pitching for Vermont Lake Monsters : RHP Frank Gamez
Batting: RHB Alex Cardenas 0-0: Ball
1-0: SINGLE (Groundball, 4S, EV 70.0 MPH) (infield hit)
Batting: RHB Dave Burwell 0-0: Ball
1-0: Ball
2-0: Called Strike
2-1: Ball
3-1: Swinging Strike
3-2: Fly out, F7 (Flyball, 78D, EV 93.1 MPH)
Batting: SHB Salvador Padilla 0-0: Ball
1-0: Called Strike
1-1: Ball
2-1: Ball
3-1: Base on Balls
Alex Cardenas to second
Batting: RHB John Doucette 0-0: Ball
1-0: Foul Ball, location: 2F
1-1: Called Strike
1-2: Ball
2-2: Ball
3-2: Grounds into double play, 4-6-3 (Groundball, 34, EV 88.8 MPH)
Bottom of the 8th over - 0 runs, 1 hit, 0 errors, 1 left on base; Vermont 10 - Lowell 3
TOP OF THE 9TH
Vermont Lake Monsters batting - Pitching for Lowell Spinners : RHP Josiah Russell
Pitching: LHP Ken Berger
Batting: RHB Tim Anderson 0-0: Called Strike
0-1: Foul Ball, location: 2F
0-2: Ball
1-2: Ground out 3-1 (Groundball, 34, EV 83.8 MPH)
Batting: LHB Miguel Maymi 0-0: Swinging Strike
0-1: Foul Ball, location: 2F
0-2: Strikes out swinging
Pinch Hitting: RHB Zachary Anderson 0-0: Fly out, F9 (Flyball, 9D, EV 90.0 MPH)
Top of the 9th over - 0 runs, 0 hits, 0 errors, 0 left on base; Vermont 10 - Lowell 3
BOTTOM OF THE 9TH
Lowell Spinners batting - Pitching for Vermont Lake Monsters : RHP Frank Gamez
Now at 3B: Zachary Anderson
Batting: SHB Eric Evans 0-0: Ball
1-0: Foul Ball, location: 2F
1-1: Ball
2-1: Ball
3-1: Foul Ball, location: 2F
3-2: Base on Balls
Pitching: RHP Jeff Heaster
Batting: LHB Joel Soto 0-0: Ball
1-0: Called Strike
1-1: Ball
2-1: DOUBLE (Line Drive, 89M, EV 98.8 MPH)
Eric Evans to third
Batting: RHB Tony Nunez 0-0: Ground out 6-3 (Groundball, 6, EV 87.5 MPH)
Eric Evans scores
Joel Soto to third
Batting: RHB Ted Emmerich 0-0: Called Strike
0-1: Called Strike
0-2: Foul Ball, location: 2F
0-2: Ground out 1-3 (Groundball, 13, EV 72.5 MPH)
Batting: RHB Mike Batko 0-0: Ball
1-0: Ground out 6-3 (Groundball, 6, EV 85.6 MPH)
Bottom of the 9th over - 1 run, 1 hit, 0 errors, 1 left on base; Vermont 10 - Lowell 4
Thursday, December 15th , 2022 - OOTP Baseball 23.9 Build 102